 Dungeon Crawl Stone Soup version 0.23.2 (webtiles) character file.

Game seed: 13806751527798589559

2645 Kairos the Poker (level 9, 0/71 HPs)
             Began as a Formicid Abyssal Knight on Apr 9, 2019.
             Was an Elder of Lugonu.
             Slain by schauveau's ghost (11 damage)
             ... on level 6 of the Dungeon.
             The game lasted 00:09:45 (6198 turns).

Kairos the Poker (Formicid Abyssal Knight)          Turns: 6198, Time: 00:09:46

Health: 0/71       AC: 25    Str: 23    XL:     9   Next: 93%
Magic:  10/10      EV: 11    Int: 11    God:    Lugonu [****..]
Gold:   73         SH: 11    Dex: 10    Spells: 2/8 levels left

rFire    + . .     SeeInvis +   w - +3 trident (protect)
rCold    + + .     Gourm    .   e - +2 buckler {AC+3}
rNeg     . . .     Faith    .   C - +8 scale mail "Pibefo" {*Contam rPois rC++ MR+}
rPois    +         Spirit   .   (helmet unavailable)
rElec    .         Reflect  +   (no cloak)
rCorr    .         Harm     .   (no gloves)
MR       ++...                  (no boots)
Stlth    ..........             h - +4 amulet of reflection
HPRegen  0.21/turn              D - ring of protection from fire
MPRegen  0.12/turn              q - +2 ring of strength

@: protection aura
A: permanent stasis, dig shafts and tunnels, four strong arms, antennae 3, magic
resistance 1, poison resistance
a: Dig, Shaft Self, Depart the Abyss, Bend Space, Banish, Corrupt, Renounce
Religion


You were on level 6 of the Dungeon.
You worshipped Lugonu.
Lugonu was greatly pleased with you.
You were hungry.

You visited 1 branch of the dungeon, and saw 7 of its levels.
You visited the Abyss 1 time.

You collected 334 gold pieces.
You spent 261 gold pieces at shops.

Inventory:

Hand Weapons
 a - a +1 hand axe
 d - the +3 quarterstaff of the Land of Plenty {crush, Int+4}
   (You found it on level 2 of the Abyss)

   It inflicts extra damage upon your enemies.
   It affects your intelligence (+4).
 k - a +1 trident of piercing
 w - a +3 trident of protection (weapon)
 B - a cursed +5 halberd
Missiles
 z - 7 tomahawks (quivered)
Armour
 e - a +2 buckler of protection (worn)
 g - a +0 scale mail
 C - the +8 scale mail "Pibefo" (worn) {*Contam rPois rC++ MR+}
   (You bought it in a shop on level 7 of the Dungeon)

   It greatly protects you from cold.
   It protects you from poison.
   It affects your resistance to hostile enchantments.
   It causes magical contamination when unequipped.
Jewellery
 h - a +4 amulet of reflection (around neck)
 l - an uncursed ring of magical power
 q - a +2 ring of strength (right hand)
 D - a ring of protection from fire (left hand)
Wands
 o - a wand of flame (20)
 r - a wand of enslavement (4)
 v - a wand of polymorph (9)
 y - a wand of paralysis (5)
 E - a wand of disintegration (13)
Scrolls
 j - a scroll of enchant weapon {unknown}
 m - 2 scrolls of magic mapping {unknown}
 s - 4 scrolls of teleportation {unknown}
 t - 3 scrolls of remove curse
 u - a scroll of immolation {unknown}
 x - a scroll of random uselessness {unknown}
 A - a scroll of enchant armour {unknown}
Potions
 f - 2 potions of heal wounds
 i - 2 potions of curing
 n - a potion of degeneration {unknown}
 p - 2 potions of flight {unknown}
Comestibles
 c - 11 rations


   Skills:
 + Level 6.4 Fighting
 + Level 2.2(5.3) Axes
 + Level 7.7(8.3) Polearms
 + Level 3.7(6.2) Staves
 + Level 5.6 Armour
 + Level 2.8 Dodging
 + Level 1.2 Stealth
 + Level 5.9 Shields
 + Level 2.4 Invocations


You had 2 spell levels left.
You knew the following spells:

 Your Spells              Type           Power        Failure   Level  Hunger
a - Cause Fear            Hex            #.........   100%        4    #####..
b - Slow                  Hex            #.......     77%         2    ###....

Your spell library contained the following spells:

 Spells                   Type           Power        Failure   Level  Hunger
 Confusing Touch          Hex            #.....       63%         1    ##.....
 Magic Dart               Conj           #...         63%         1    ##.....
 Sandblast                Erth           #.....       63%         1    ##.....
 Call Imp                 Summ           #.......     77%         2    ###....
 Passwall                 Tmut/Erth      #.......     77%         2    ###....
 Confuse                  Hex            #.......     94%         3    ####...
 Conjure Flame            Conj/Fire      #.......     94%         3    ####...
 Gell's Gravitas          Tloc           #.........   94%         3    ####...
 Mephitic Cloud           Conj/Pois/Air  #.......     94%         3    ####...
 Stone Arrow              Conj/Erth      #.....       94%         3    ####...
 Petrify                  Tmut/Erth      #.......     100%        4    #####..
 Lee's Rapid Deconstruct  Erth           #.........   100%        5    ######.
 Metabolic Englaciation   Hex/Ice        #.........   100%        5    ######.
 Silence                  Hex/Air        #.........   100%        5    ######.
 Yara's Violent Unravell  Hex/Tmut       #.........   100%        5    ######.
 Deflect Missiles         Chrm/Air       #.........   100%        6    #######
 Discord                  Hex            #.........   100%        8    #######
 Blink                    Tloc           Unusable     N/A         2    N/A

Dungeon Overview and Level Annotations

Branches:
Dungeon (7/15)             Temple (0/1) D:7

Altars:
Nemelex Xobeh
The Shining One

Shops:
D:7 [

Annotations:
D:6 schauveau's ghost, novice MiFi
D:7 1 runed translucent door, bmj180's ghost, novice MiMo


Innate Abilities, Weirdness & Mutations

You cannot be hasted, slowed, berserked, paralysed or teleported.
You can dig through walls and to a lower floor.
Your four strong arms can wield two-handed weapons with a shield.
You have a pair of large antennae on your head. (SInv)
You are resistant to hostile enchantments. (MR+)
Your system is resistant to poisons. (rPois)


Message History

You hit schauveau's ghost.
Schauveau's ghost is severely damaged.
Schauveau's ghost hits you!
You are too injured to fight recklessly!
You are too injured to fight recklessly!
You are too injured to fight recklessly!
You are too injured to fight recklessly!
You barely miss schauveau's ghost.
Schauveau's ghost is severely damaged.
Schauveau's ghost hits you!!
* * * LOW HITPOINT WARNING * * *
You are electrocuted!
* * * LOW HITPOINT WARNING * * *
You puncture schauveau's ghost!
Schauveau's ghost is almost destroyed.
You block schauveau's ghost's attack.
You feel much better. Schauveau's ghost hits you!!
* * * LOW HITPOINT WARNING * * *
You are electrocuted!
You die...

#.#####..##.###'''###..##...#....
#.......#...................#....
#.................#######........
..................# ###......
........#.........# #......
#.....<.#.........# #......
#..........#####Z## ##.....
#......##### #W# #.....
..####.##### #@# #..... ###
#.....#####.### #.....
#####.........# #.....
###.......# #..... ##......#
#..... #......# #..... #......#
#..... #......# #..... ########
##....


You could see schauveau's ghost and a worker ant zombie.

Vanquished Creatures
  Menkaure (D:7)
  A water moccasin (D:5)
  An ice beast (D:6)
  2 sky beasts
  An orc warrior (D:6)
  3 ogres (D:4)
  A centaur (D:7)
  5 bullfrogs
  A gnoll sergeant (D:6)
  A water moccasin zombie (D:5)
  2 scorpions
  5 wights
  A crimson imp (D:6)
  3 jellies
  A bullfrog skeleton (D:5)
  A centaur skeleton (D:4)
  3 orc priests
  3 hounds
  5 orc wizards
  Jessica (D:4)
  5 worker ants
  A worker ant zombie (D:6)
  7 gnolls
  9 adders
  2 shadow imps (D:5)
  An ooze (D:2)
  2 adder skeletons
  A worm (D:2)
  4 dart slugs
  8 leopard geckos
  22 orcs
  8 giant cockroaches
  8 goblins
  9 hobgoblins
  6 jackals
  7 kobolds
  A quokka (D:5)
  3 bats
  5 frilled lizards
  A leopard gecko skeleton (D:4)
  4 rats
156 creatures vanquished.

Notes
Turn   | Place    | Note
-------+----------+-------------------------------------------
     0 | Abyss:1  | Kairos the Formicid Abyssal Knight began the quest for the
                  | Orb.
     0 | Abyss:1  | Reached XP level 1. HP: 18/18 MP: 2/2
    32 | Abyss:2  | Noticed a large abomination
    56 | Abyss:2  | Noticed an ancient zyme
    66 | Abyss:2  | Got a brightly glowing quarterstaff
    67 | D:1      | Escaped the Abyss
    68 | D:1      | Identified the cursed +3 quarterstaff of the Land of Plenty
                  | {crush, Int+4} (You found it on level 2 of the Abyss)
   120 | D:1      | Reached XP level 2. HP: 24/24 MP: 3/3
   246 | D:1      | Reached * piety under Lugonu
   362 | D:1      | Reached XP level 3. HP: 30/30 MP: 4/4
   710 | D:1      | Reached skill level 1 in Staves
   996 | D:1      | Reached XP level 4. HP: 18/37 MP: 5/5
  1249 | D:2      | Reached XP level 5. HP: 43/43 MP: 6/6
  1291 | D:2      | Reached skill level 1 in Shields
  1413 | D:2      | You fall through a shaft for 2 floors!
  1434 | D:4      | Reached skill level 1 in Dodging
  1518 | D:2      | Reached ** piety under Lugonu
  1972 | D:3      | Reached XP level 6. HP: 37/49 MP: 7/7
  2598 | D:4      | Gained mutation: Your system is resistant to poisons.
                  | (rPois) [potion of mutation]
  2598 | D:4      | Gained mutation: You are resistant to hostile enchantments.
                  | (MR+) [potion of mutation]
  2613 | D:4      | Noticed an ogre
  2619 | D:4      | Killed an ogre
  2619 | D:4      | Reached skill level 1 in Polearms
  2619 | D:4      | Reached XP level 7. HP: 43/55 MP: 8/8
  2672 | D:4      | Reached skill level 2 in Polearms
  2681 | D:4      | Reached skill level 5 in Fighting
  2882 | D:4      | Reached skill level 3 in Polearms
  3330 | D:4      | Reached XP level 8. HP: 27/62 MP: 9/9
  3576 | D:4      | Found a sparkling altar of Nemelex Xobeh.
  3576 | D:4      | Noticed Jessica
  3581 | D:4      | Killed Jessica
  3623 | D:5      | Entered Level 5 of the Dungeon
  3636 | D:5      | Reached skill level 4 in Polearms
  3908 | D:5      | Reached skill level 5 in Polearms
  3936 | D:5      | Learned a level 4 spell: Cause Fear
  3987 | D:5      | Found a glowing golden altar of the Shining One.
  4180 | D:6      | Found a runed translucent gate.
  4183 | D:6      | Found a runed translucent gate.
  4184 | D:6      | Found a runed translucent gate.
  4184 | D:6      | Noticed schauveau's ghost (novice MiFi)
  4205 | D:6      | Reached *** piety under Lugonu
  4205 | D:6      | Reached skill level 5 in Shields
  4205 | D:6      | Reached XP level 9. HP: 69/69 MP: 10/10
  4256 | D:6      | Reached skill level 6 in Polearms
  4287 | D:6      | Learned a level 2 spell: Slow
  4791 | D:6      | Reached skill level 5 in Armour
  5058 | D:7      | Noticed Menkaure
  5066 | D:7      | Killed Menkaure
  5066 | D:7      | Reached skill level 1 in Stealth
  5093 | D:7      | Reached skill level 7 in Polearms
  5109 | D:7      | Found Gahishot's Antique Armour Shoppe.
  5386 | D:7      | Bought a bloodstained scale mail for 261 gold pieces
  5396 | D:7      | Identified the +8 scale mail "Pibefo" {*Contam rPois rC++
                  | MR+} (You bought it in a shop on level 7 of the Dungeon)
  5526 | D:7      | Found a staircase to the Ecumenical Temple.
  5570 | D:7      | Found a runed translucent door.
  5580 | D:7      | Noticed bmj180's ghost (novice MiMo)
  6169 | D:6      | Reached **** piety under Lugonu
  6196 | D:6      | HP: 2/71 [schauveau's ghost (8)]
  6198 | D:6      | Slain by schauveau's ghost

Skill      XL: |  1  2  3  4  5  6  7  8  9 |
---------------+----------------------------+-----
Fighting       | 4 5 6 |  6.4
Staves         | 1 2 3 |  3.7
Shields        | 1 2 3 5 |  5.9
Armour         | 3 4 5 |  5.6
Dodging        | 1 2 |  2.8
Polearms       | 1 3 5 7 |  7.7
Stealth        | 1 |  1.2
Axes           | |  2.2
Invocations    | |  2.4

Action                   |  1- 3 |  4- 6 |  7- 9 || total
-------------------------+-------+-------+-------++-------
Melee: Quarterstaff      |    51 |    94 |       ||   145
       Trident           |       |    36 |   426 ||   462
Invok: Depart the Abyss  |     1 |       |       ||     1
  Use: Scroll            |     1 |     3 |     1 ||     5
       Potion            |       |     4 |     1 ||     5
  Eat: Chunk             |       |     6 |    11 ||    17
Armor: Leather armour    |     2 |       |       ||     2
       Scale mail        |    20 |    36 |   110 ||   166
Dodge: Dodged            |    18 |    51 |   142 ||   211
Block: Buckler           |    19 |    58 |   203 ||   280
       Reflection        |       |     3 |     4 ||     7
